 Dungeon Crawl Stone Soup version 0.32-a0-913-g739538afd8 (webtiles) character file.

Game seed: 14532031585735284138

1988 wogdood the Thaumaturge (level 9, -8/51 (61) HPs)
             Began as a Vampire Brigand on Apr 7, 2024.
             Was a Priest of Nemelex Xobeh.
             Mangled by a wight
             ... wielding a +3 great sword
              (9 damage)
             ... on level 6 of the Dungeon.
             The game lasted 00:22:12 (5864 turns).

wogdood the Thaumaturge (Vampire Brigand)           Turns: 5864, Time: 00:22:12

HP:   -8/51 (61)    AC:  8    Str: 10    XL:     9   Next: 1%
MP:   23/23         EV: 11    Int: 19    God:    Nemelex Xobeh [***...]
Gold: 351           SH:  0    Dex: 17    Spells: 28/28 levels left

rFire   . . .        E - +9 rapier "Foisaw" {drain, Will+ Int+6 Dex-3}
rCold   . . .        (no shield)
rNeg    . . .        G - +0 leather armour of Dofyo {^Drain rCorr SInv}
rPois   .            (no helmet)
rElec   .            c - +0 cloak
rCorr   +            H - +0 pair of gloves
SInv    +            q - +2 pair of boots
Will    +....        (no amulet)
Stlth   +++          (no ring)
HPRegen 0.48/turn    (no ring)
MPRegen 0.18/turn

%: no passive effects
@: healing quickly, heavily drained
A: alive, fangs 3, see invisible, vampiric 2
a: Exsanguinate, Renounce Religion, Draw Escape, Draw Destruction, Draw
Summoning, Triple Draw


You were on level 6 of the Dungeon.
You worshipped Nemelex Xobeh.
Nemelex Xobeh was most pleased with you.
You visited 1 branch of the dungeon, and saw 6 of its levels.
You also visited: Sewer.

You collected 351 gold pieces.

Inventory:

Hand Weapons
 o - a +1 dagger of venom
 x - the +0 trident "Diudoer" {freeze, Will++ Dex+2}
   (You took it off a goblin on level 4 of the Dungeon)

   Dex+2:     It affects your dexterity (+2).
   Will++:    It greatly increases your willpower.
 E - the +9 rapier "Foisaw" (weapon) {drain, Will+ Int+6 Dex-3}
   (You found it on level 4 of the Dungeon)

   Int+6:     It affects your intelligence (+6).
   Dex-3:     It affects your dexterity (-3).
   Will+:     It increases your willpower.
Missiles
 d - 31 poisoned darts
 e - 3 curare-tipped darts (quivered)
 p - 2 atropa-tipped darts
 s - 3 boomerangs
 I - 3 javelins
Armour
 c - a +0 cloak (worn)
 q - a +2 pair of boots (worn)
 G - the +0 leather armour of Dofyo (worn) {^Drain rCorr SInv}
   (You found it on level 5 of the Dungeon)

   SInv:      It lets you see invisible.
   rCorr:     It protects you from acid and corrosion.
   ^Drain:    It drains your maximum health when unequipped.
 H - a +0 pair of gloves (worn)
Jewellery
 g - a +6 ring of intelligence
 v - a ring of magical power
Talismans
 u - a serpent talisman
Wands
 l - a wand of warping (15)
 y - a wand of quicksilver (7)
Scrolls
 b - a scroll of enchant armour {unknown}
 m - 3 scrolls of teleportation
 r - 2 scrolls of revelation
 B - a scroll of fog
Potions
 a - a potion of mutation {unknown}
 f - 3 potions of curing
 h - 4 potions of haste
 i - 3 potions of brilliance
 j - a potion of cancellation
 k - 3 potions of enlightenment
 w - a potion of might
 z - a potion of berserk rage {unknown}
 A - 2 potions of heal wounds


   Skills:
 + Level 2.3 Fighting
 + Level 3.1 Short Blades
 + Level 1.9 Throwing
 + Level 1.1 Armour
 + Level 1.8 Dodging
 + Level 6.7 Stealth
 + Level 10.0 Spellcasting


You had 28 spell levels left.
You didn't know any spells.
Your spell library contained the following spells:

 Spells                   Type           Power      Damage    Failure   Level
 Shock                    Conj/Air       36%        1d5       10%         1
 Swiftness                Air            9%         N/A       30%         3
 Airstrike                Air            4%         2d(1-17)  69%         4
 Malign Gateway           Summ/Tloc      4%         N/A       100%        7
 Summon Horrible Things   Summ           4%         N/A       100%        8


Dungeon Overview and Level Annotations

Branches:
Dungeon (6/15)              Sewer (visited)
 Temple: D:4-7

Altars:
Dithmenos
Nemelex Xobeh
Ru
Trog
Vehumet
Xom

Shops:
D:5 [*


Innate Abilities, Weirdness & Mutations

Your natural rate of healing is accelerated.
You have razor-sharp teeth.
You have supernaturally acute eyesight. (SInv)
You are afflicted with vampirism and can become a bat while bloodless.


Message History

You destroy the wight!
Your Short Blades skill increases to level 3!
Your Armour skill increases to level 1!
Things that are here:
a +4 mace; a +0 robe You start resting.
HP restored. 3 wights come into view.
There are monsters nearby!
You puncture the wight! You bite the wight, but do no damage.
The wight is almost destroyed.
The wight barely misses you. The wight closely misses you.
The wight attacks as it pursues you! The wight hits you with a +2 scimitar!
You feel drained.
You hit the wight.
You destroy the wight!
The wight barely misses you.
You have reached level 9!
Your experience leads to an increase in your attributes!
Your base attributes are Str 10, Int 13, Dex 18.
Increase (S)trength, (I)ntelligence, or (D)exterity?
Uppercase letters only, please.
You feel agile. x2
You completely miss the wight. The wight barely misses you.
The wight hits you with a +3 great sword!
You feel drained.
You draw a card...
You have drawn the Orb.
Press: ? - help, Shift-Dir - straight line, f - wight
Aim: a wight, wielding a +3 great sword and wearing a +0 robe Your orb of destruction hits a rock wall. x2
The wight barely misses you. The wight completely misses you.
Your orb of destruction hits a rock wall. x2
You draw a card...
You have drawn the Swarm.
The wight closely misses you.
Your orb of destruction hits a rock wall.
The wight hits you with a +3 great sword!!
* * * LOW HITPOINT WARNING * * *
You feel drained.
You die...
Your body disappears without a glow.

### # #.##### # #. ###
#..... # #.# #.###..# #
##.# ##....y.####.. ##
##..# #..##.@y....#
.####..####.####.z°####
........##..# ##z°.#
........)...# #.)○.#
...........## #..○.#
.###....)..# #...○.# .#
###......##..○...# ..
#..###.....##..# ..
#..# ..... ...


You could see 2 wights and 2 friendly killer bees.

Vanquished Creatures
  A black bear (D:6)
  An ogre (D:4)
  2 kobold brigands (Sewer)
  A bullfrog (D:6)
  A scorpion (D:4)
  3 wights (D:6)
  4 hounds
  A bombardier beetle (D:4)
  Crazy Yiuf (D:3)
  A gnoll bouda (D:5)
  An orc priest (D:6)
  A sleepcap (D:6)
  3 iguanas
  4 orc wizards
  5 gnolls (D:5)
  3 river rats
  9 adders
  A shadow imp (D:6)
  A white imp (D:6)
  4 dart slugs
  2 ribbon worms
  7 orcs
  3 bats
  3 endoplasms (D:1)
  5 giant cockroaches
  12 goblins
  13 hobgoblins
  6 jackals
  8 kobolds
  3 quokkas
  5 ball pythons
  4 frilled lizards
  9 rats
128 creatures vanquished.

Vanquished Creatures (collateral kills)
  A two-headed ogre (D:5)
  A hound (D:5)
  An orc (D:6)
3 creatures vanquished.

Grand Total: 131 creatures vanquished

Notes
Turn   | Place    | Note
-------+----------+-------------------------------------------
     0 | D:1      | wogdood the Vampire Brigand began the quest for the Orb.
     0 | D:1      | Reached XP level 1. HP: 16/16 MP: 1/1
   169 | D:1      | Reached XP level 2. HP: 13/19 MP: 2/2
   295 | D:1      | You fall into a shaft and drop 1 floor!
   357 | D:2      | Found a sparkling altar of Nemelex Xobeh.
   365 | D:2      | Became a worshipper of Nemelex Xobeh the Trickster
   625 | D:2      | Reached skill level 1 in Spellcasting
  1151 | D:1      | Gained mutation: You are afflicted with vampirism and can
                  | become a bat while bloodless. [Vampire growth]
  1151 | D:1      | Reached XP level 3. HP: 22/24 MP: 5/5
  1468 | D:1      | Found a faded altar of an unknown god.
  1786 | D:3      | Reached * piety under Nemelex Xobeh
  1805 | D:3      | Reached skill level 2 in Spellcasting
  1926 | D:3      | Reached XP level 4. HP: 33/33 MP: 6/8
  2003 | D:3      | Found a runed translucent door.
  2004 | D:3      | Noticed Crazy Yiuf
  2017 | D:3      | Killed Crazy Yiuf
  2144 | D:3      | Found a bloodstained altar of Trog.
  2149 | D:3      | Reached skill level 3 in Spellcasting
  2334 | D:3      | Received a gift from Nemelex Xobeh
  2793 | D:4      | Reached XP level 5. HP: 38/38 MP: 10/10
  2822 | D:4      | Reached skill level 4 in Spellcasting
  3037 | D:4      | Reached skill level 5 in Spellcasting
  3037 | D:4      | Reached XP level 6. HP: 44/44 MP: 13/13
  3255 | D:4      | Identified the +0 trident "Diudoer" {freeze, Will++ Dex+2}
  3321 | D:4      | Found a shadowy altar of Dithmenos.
  3331 | D:4      | Reached ** piety under Nemelex Xobeh
  3387 | D:4      | Found a glowing drain.
  3394 | Sewer    | Entered a sewer
  3525 | Sewer    | Reached skill level 6 in Spellcasting
  3651 | D:4      | Found a radiant altar of Vehumet.
  3685 | D:4      | Reached XP level 7. HP: 32/50 MP: 16/16
  3801 | D:4      | Identified the +9 rapier "Foisaw" {drain, Will+ Int+6
                  | Dex-3}
  3874 | D:4      | Received a gift from Nemelex Xobeh
  3901 | D:5      | Entered Level 5 of the Dungeon
  3921 | D:5      | Identified the +0 leather armour of Dofyo {^Drain rCorr
                  | SInv}
  4050 | D:5      | Found Ruivoby's Armour Shop.
  4062 | D:5      | Found a shimmering altar of Xom.
  4063 | D:5      | Found a shimmering altar of Xom.
  4066 | D:5      | Noticed a two-headed ogre
  4072 | D:5      | Killed a two-headed ogre
  4073 | D:5      | Reached skill level 8 in Spellcasting
  4073 | D:5      | Reached XP level 8. HP: 38/56 MP: 17/20
  4095 | D:5      | Reached skill level 9 in Spellcasting
  4158 | D:5      | Received a gift from Nemelex Xobeh
  4173 | D:5      | Found Lyolan's Assorted Antiques.
  5242 | D:6      | Received a gift from Nemelex Xobeh
  5396 | D:6      | Reached skill level 10 in Spellcasting
  5494 | D:6      | Reached *** piety under Nemelex Xobeh
  5576 | D:6      | Found a sacrificial altar of Ru.
  5788 | D:6      | Reached skill level 1 in Armour
  5860 | D:6      | Reached XP level 9. HP: 35/56 MP: 23/23
  5864 | D:6      | HP: 1/54 [wight/+3 great sword (21)]
  5864 | D:6      | Mangled by a wight

Illustrated notes

Levels and vault maps discovered:
D:1:      spicycebolla_arrival_xxxplode, layout_loops_cross,
          hellmonk_ecumenical_altar_leap_of_faith,
          amcnicky_mini_corridor_feature
D:2:      layout_basic, basic_altar
D:3:      layout_basic, lemuel_doored_altar, serial_bayou, serial_bayou_shore_b,
          serial_bayou_pond_b, serial_bayou_lagoon_b, serial_bayou_pond_b,
          uniq_crazy_yiuf_cottage
D:4:      kb_forest_paths, layout_basic, general_overflow_altar,
          mainiacjoe_overflow_chevrons,
          mainiacjoe_sewer_entry_somewhere_in_here_2, minmay_goblin_kobold_house
D:5:      layout_basic, tso_altar, xom_redecorated, serial_shops,
          kennysheep_little_box, shop_statue, feat_on_display
D:6:      layout_layer_cave, nicolae_uskayaw_suspiria,
          nicolae_ru_great_annihilating_truth, temple_doors_cd,
          hangedman_abyss_or_decor_stagger

Skill      XL: |  1  2  3  4  5  6  7  8 |
---------------+-------------------------+-----
Stealth        | 6 |  6.7
Fighting       | 2 |  2.3
Spellcasting   | 1 2 3 5 6 8 10 | 10.0
Short Blades   | 3 |  3.1
Armour         | 1 |  1.1
Throwing       | |  1.9
Dodging        | |  1.8

Action                     |  1- 3 |  4- 6 |  7- 9 || total
---------------------------+-------+-------+-------++-------
  Melee: Dagger            |   121 |   176 |       ||   297
         Bite              |    13 |    24 |    15 ||    52
         Rapier            |       |       |    93 ||    93
  Throw: Dart              |     4 |    10 |     3 ||    17
         Javelin           |       |       |     6 ||     6
 Invoke: Draw Destruction  |       |     1 |     4 ||     5
         Draw Summoning    |       |       |     3 ||     3
         Draw Escape       |       |       |     2 ||     2
Ability: Exsanguinate      |     1 |       |       ||     1
         Revivify          |     1 |       |       ||     1
    Use: Scroll            |     5 |     7 |     5 ||    17
         Potion            |     1 |       |       ||     1
   Stab: Sleeping          |     9 |    10 |     3 ||    22
         Distracted        |     1 |       |       ||     1
         Paralysed         |       |       |     1 ||     1
 Armour: Robe              |    71 |   103 |       ||   174
         Leather armour    |       |       |    83 ||    83
  Dodge: Dodged            |    73 |    99 |    87 ||   259

Table legend: (Time is in decaauts)
 A = Elapsed time spent in this place.
 B = Non-inter-level travel time spent in this place.
 C = Inter-level travel time spent in this place.
 D = Time resting spent in this place.
 E = Time spent auto-exploring this place.
 F = Levels seen in this place.
 G = Mean time per level.
                   A        B        C        D        E       F      G
               +--------+--------+--------+--------+--------+-----+--------+
         Total |   5899 |   5532 |    367 |    335 |   3735 |   7 |  842.7 |
       Dungeon |   5652 |   5285 |    367 |    274 |   3632 |   6 |  942.0 |
         Sewer |    246 |    246 |      0 |     61 |    103 |   1 |  246.0 |
               +--------+--------+--------+--------+--------+-----+--------+

Top non-repeatable levels by time:
     D:2: 1050 daAuts
     D:5: 1016 daAuts
     D:3: 982 daAuts
     D:6: 955 daAuts
     D:4: 942 daAuts
     D:1: 706 daAuts
   Sewer: 246 daAuts
